General information
- name: BNet
- type: Ladder team game (AT/RT)
- host: Battle.net
- saver: CreepExpert
map: Cherryville
- players: 8
- length: 38:51
- speed: Fast
- version: 1.26 W3XP
- replay type: Public
» download(192 KB)
Players
team 1 (loser)
pbg123456 (
purple | 73 APM | 1951 actions | 26:42)
5 Blademaster
3 Wind Walk
2 Critical Strike
4 Shadow Hunter
2 Hex
2 Healing Wave
» actions
| Assign group hotkey | 33 | |
| Basic commands | 5 | |
| Build / train | 88 | |
| Enter build submenu | 18 | |
| Enter hero's abilities submenu | 9 | |
| Give item / drop item | 2 | |
| Right click | 834 | |
| Select / deselect | 524 | |
| Select group hotkey | 338 | |
| Use ability | 100 | |
1951 total
» units
| Peon | 19 | |
| Grunt | 3 | |
| Wind Rider | 7 | |
| Kodo Beast | 2 | |
| Kobold Geomancer | 1 | |
| Demolisher | 6 | |
| Troll Batrider | 7 | |
45 total
» upgrades
| Armor | 3 | |
| Ranged Weapons | 3 | |
| Envenomed Spears | 1 | |
| War Drums Damage Increase | 1 | |
| Burning Oil | 1 | |
| Liquid Fire | 1 | |
10 total
» buildings
| Altar of Storms | 1 | |
| Orc Burrow | 6 | |
| Barracks | 2 | |
| Voodoo Lounge | 1 | |
| Stronghold | 1 | |
| War Mill | 1 | |
| Great Hall | 2 | |
| Beastiary | 2 | |
| Fortress | 1 | |
17 total
» build order
00:20 Altar of Storms
00:35 Orc Burrow
00:50 Barracks
01:05 Orc Burrow
01:49 Voodoo Lounge
03:20 Stronghold
03:55 Orc Burrow
04:31 Orc Burrow
04:44 War Mill
05:10 Great Hall
05:48 Beastiary
05:49 Beastiary
09:47 Fortress
13:35 Orc Burrow
14:27 Great Hall
16:52 Orc Burrow
19:02 Barracks
» items
| Healing Salve | 5 | |
| Lesser Clarity Potion | 11 | |
| Scroll of Speed | 2 | |
| Orb of Lightning | 1 | |
| Scroll of Town Portal | 1 | |
20 total
Realest_ (
orange | 24 APM | 801 actions | 32:52)
4 Death Knight
2 Death Coil
2 Unholy Aura
4 Dark Ranger
2 Life Drain
2 Silence
» actions
| Basic commands | 11 | |
| Build / train | 66 | |
| Enter build submenu | 32 | |
| Enter hero's abilities submenu | 8 | |
| Give item / drop item | 1 | |
| Remove unit from queue | 1 | |
| Right click | 385 | |
| Select / deselect | 237 | |
| Use ability | 60 | |
801 total
» units
| Acolyte | 15 | |
| Ghoul | 3 | |
| Crypt Fiend | 9 | |
| Frost Wyrm | 7 | |
| Demolisher | 1 | |
35 total
» upgrades
| Web | 1 | |
| Freezing Breath | 1 | |
| Creature Carapace | 2 | |
| Creature Attack | 2 | |
6 total
» buildings
| Altar of Darkness | 1 | |
| Ziggurat | 17 | |
| Crypt | 1 | |
| Graveyard | 1 | |
| Tomb of Relics | 2 | |
| Halls of the Dead | 1 | |
| Necropolis | 1 | |
| Black Citadel | 1 | |
| Nerubian Tower | 1 | |
| Spirit Tower | 3 | |
| Sacrificial Pit | 1 | |
| Boneyard | 3 | |
33 total
» build order
00:11 Altar of Darkness
00:14 Ziggurat
00:34 Crypt
00:59 Graveyard
01:21 Tomb of Relics
01:32 Ziggurat
03:40 Ziggurat
06:08 Ziggurat
06:36 Halls of the Dead
07:20 Necropolis
07:27 Tomb of Relics
07:31 Ziggurat
07:34 Ziggurat
07:38 Ziggurat
09:32 Black Citadel
09:44 Nerubian Tower
09:45 Spirit Tower
10:01 Ziggurat
10:06 Ziggurat
10:57 Sacrificial Pit
12:44 Boneyard
12:52 Boneyard
12:56 Boneyard
13:28 Spirit Tower
28:39 Ziggurat
28:41 Ziggurat
28:44 Ziggurat
28:49 Ziggurat
28:52 Ziggurat
28:54 Ziggurat
29:51 Spirit Tower
29:57 Ziggurat
30:00 Ziggurat
» items
| Rod of Necromancy | 2 | |
| Scroll of Town Portal | 6 | |
8 total
KTLeaf (
pink | 29 APM | 1130 actions | 38:32)
4 Beastmaster
1 Summon Bear
2 Summon Hawk
1 Summon Quilbeast
» actions
| Assign group hotkey | 17 | |
| Build / train | 68 | |
| Enter build submenu | 29 | |
| Enter hero's abilities submenu | 4 | |
| Right click | 480 | |
| Select / deselect | 304 | |
| Select group hotkey | 169 | |
| Use ability | 59 | |
1130 total
» units
| Wisp | 25 | |
| Druid of the Talon | 6 | |
| Dryad | 6 | |
| Hippogryph | 3 | |
| Faerie Dragon | 1 | |
| Mountain Giant | 7 | |
48 total
» upgrades
| Strength of the Wild | 3 | |
| Reinforced Hides | 3 | |
| Nature's Blessing | 1 | |
| Druid of the Talon Training | 1 | |
| Abolish Magic | 1 | |
| Well Spring | 1 | |
| Hardened Skin | 1 | |
| Resistant Skin | 1 | |
12 total
» buildings
| Altar of Elders | 1 | |
| Moon Well | 12 | |
| Ancient of Wonders | 1 | |
| Hunter's Hall | 1 | |
| Ancient Protector | 8 | |
| Tree of Ages | 1 | |
| Ancient of Lore | 2 | |
| Ancient of Wind | 1 | |
| Tree of Eternity | 1 | |
| Tree of Life | 2 | |
30 total
» build order
00:11 Altar of Elders
00:18 Moon Well
00:28 Ancient of Wonders
01:34 Hunter's Hall
02:04 Moon Well
02:40 Ancient Protector
03:17 Tree of Ages
03:33 Moon Well
04:44 Ancient Protector
05:01 Ancient Protector
05:17 Ancient Protector
05:46 Ancient of Lore
05:53 Ancient of Wind
07:15 Moon Well
08:14 Moon Well
08:19 Tree of Eternity
10:47 Moon Well
13:10 Ancient Protector
16:50 Tree of Life
18:24 Tree of Life
23:02 Moon Well
23:02 Moon Well
23:03 Moon Well
24:30 Ancient of Lore
25:25 Moon Well
25:29 Moon Well
25:34 Ancient Protector
25:39 Moon Well
26:54 Ancient Protector
27:27 Ancient Protector
» items
CreepExpert (
green | 50 APM | 1948 actions | 38:51)
6 Archmage
3 Summon Water Elemental
2 Brilliance Aura
1 Mass Teleport
3 Mountain King
2 Storm Bolt
1 Bash
» actions
| Assign group hotkey | 85 | |
| Basic commands | 241 | |
| Build / train | 97 | |
| Enter build submenu | 65 | |
| Enter hero's abilities submenu | 9 | |
| Give item / drop item | 7 | |
| Right click | 651 | |
| Select / deselect | 396 | |
| Select group hotkey | 237 | |
| Use ability | 159 | |
1948 total
» units
| Peasant | 12 | |
| Footman | 3 | |
| Goblin Shredder | 1 | |
| Gryphon Rider | 8 | |
| Goblin Sapper | 10 | |
| Acolyte | 1 | |
35 total
» upgrades
| Masonry | 3 | |
| Storm Hammers | 1 | |
| Swords | 3 | |
| Armor | 3 | |
| Animal War Training | 1 | |
| Cloud | 1 | |
12 total
» buildings
| Altar of Kings | 1 | |
| Barracks | 1 | |
| Farm | 10 | |
| Scout Tower | 54 | |
| Arcane Tower | 1 | |
| Keep | 1 | |
| Lumber Mill | 1 | |
| Arcane Vault | 1 | |
| Town Hall | 3 | |
| Guard Tower | 16 | |
| Castle | 1 | |
| Gryphon Aviary | 5 | |
| Blacksmith | 2 | |
97 total
» build order
00:36 Altar of Kings
00:37 Barracks
00:50 Farm
00:51 Farm
01:05 Farm
01:39 Farm
01:59 Scout Tower
02:37 Arcane Tower
03:17 Keep
04:01 Lumber Mill
04:03 Arcane Vault
04:20 Town Hall
05:31 Scout Tower
05:34 Scout Tower
05:38 Scout Tower
05:39 Scout Tower
06:17 Guard Tower
06:29 Guard Tower
06:41 Guard Tower
07:40 Castle
07:53 Gryphon Aviary
07:55 Gryphon Aviary
07:58 Gryphon Aviary
07:59 Gryphon Aviary
08:13 Gryphon Aviary
08:18 Blacksmith
08:22 Blacksmith
08:39 Farm
11:33 Scout Tower
11:33 Scout Tower
11:34 Scout Tower
11:34 Scout Tower
11:35 Scout Tower
11:35 Scout Tower
12:44 Guard Tower
16:19 Scout Tower
16:21 Scout Tower
16:21 Scout Tower
16:23 Scout Tower
16:24 Scout Tower
16:27 Scout Tower
16:33 Scout Tower
16:37 Scout Tower
16:37 Scout Tower
16:37 Scout Tower
16:39 Scout Tower
16:39 Scout Tower
16:40 Scout Tower
16:43 Scout Tower
16:44 Scout Tower
16:53 Guard Tower
17:12 Town Hall
17:48 Guard Tower
18:06 Scout Tower
18:06 Scout Tower
18:06 Scout Tower
18:07 Scout Tower
18:07 Scout Tower
18:08 Scout Tower
18:08 Scout Tower
18:09 Scout Tower
18:09 Scout Tower
18:10 Scout Tower
18:18 Scout Tower
18:18 Scout Tower
18:19 Scout Tower
18:21 Scout Tower
18:40 Guard Tower
19:25 Guard Tower
19:40 Guard Tower
19:43 Guard Tower
19:51 Farm
19:54 Farm
19:57 Farm
20:00 Farm
20:03 Farm
20:55 Guard Tower
28:26 Scout Tower
28:26 Scout Tower
28:27 Scout Tower
28:27 Scout Tower
28:28 Scout Tower
29:05 Guard Tower
29:11 Scout Tower
29:12 Scout Tower
29:12 Scout Tower
29:12 Scout Tower
29:13 Scout Tower
29:42 Guard Tower
29:46 Guard Tower
29:58 Guard Tower
30:57 Town Hall
31:02 Scout Tower
31:02 Scout Tower
31:02 Scout Tower
31:03 Scout Tower
34:25 Guard Tower
» items
| Scroll of Regeneration | 3 | |
| Potion of Healing | 5 | |
| Potion of Mana | 1 | |
| Mechanical Critter | 2 | |
| Boots of Speed | 1 | |
| Staff of Teleportation | 1 | |
| Periapt of Vitality | 1 | |
| Scroll of Town Portal | 5 | |
| Orb of Corruption | 1 | |
20 total
team 2 (winner)
MACU (
yellow | 56 APM | 944 actions | 16:43)
4 Death Knight
1 Death Coil
2 Unholy Aura
1 Death Pact
» actions
| Assign group hotkey | 30 | |
| Basic commands | 67 | |
| Build / train | 53 | |
| Enter build submenu | 12 | |
| Enter hero's abilities submenu | 4 | |
| Remove unit from queue | 1 | |
| Right click | 298 | |
| Select / deselect | 151 | |
| Select group hotkey | 281 | |
| Use ability | 47 | |
944 total
» units
| Acolyte | 2 | |
| Ghoul | 9 | |
| Crypt Fiend | 13 | |
| Obsidian Statue | 2 | |
| Frost Wyrm | 4 | |
30 total
» upgrades
| Creature Attack | 3 | |
| Creature Carapace | 4 | |
| Web | 1 | |
| Freezing Breath | 1 | |
9 total
» buildings
| Crypt | 1 | |
| Altar of Darkness | 1 | |
| Ziggurat | 9 | |
| Tomb of Relics | 1 | |
| Graveyard | 1 | |
| Nerubian Tower | 5 | |
| Halls of the Dead | 1 | |
| Black Citadel | 1 | |
| Sacrificial Pit | 1 | |
| Slaughterhouse | 1 | |
| Boneyard | 2 | |
24 total
» build order
00:11 Crypt
00:14 Altar of Darkness
00:38 Ziggurat
00:53 Tomb of Relics
01:18 Graveyard
01:44 Ziggurat
02:53 Nerubian Tower
02:53 Nerubian Tower
02:53 Nerubian Tower
03:34 Ziggurat
05:15 Halls of the Dead
06:32 Ziggurat
06:33 Ziggurat
07:40 Black Citadel
08:04 Sacrificial Pit
09:26 Slaughterhouse
10:40 Boneyard
10:41 Boneyard
14:42 Ziggurat
14:44 Ziggurat
14:46 Ziggurat
14:47 Ziggurat
» items
Knight_Lite (
red | 58 APM | 780 actions | 13:22)
3 Blademaster
1 Wind Walk
2 Critical Strike
» actions
| Build / train | 47 | |
| Enter build submenu | 22 | |
| Enter hero's abilities submenu | 3 | |
| Remove unit from queue | 2 | |
| Right click | 390 | |
| Select / deselect | 287 | |
| Use ability | 29 | |
780 total
» units
| Peon | 14 | |
| Grunt | 8 | |
| Troll Headhunter/Berserker | 2 | |
| Demolisher | 6 | |
30 total
» upgrades
| Spiked Barricades | 1 | |
| Ranged Weapons | 1 | |
| Armor | 1 | |
| Berserker Strength | 1 | |
| Troll Regeneration | 1 | |
5 total
» buildings
| Altar of Storms | 1 | |
| Orc Burrow | 6 | |
| Barracks | 3 | |
| War Mill | 1 | |
| Great Hall | 1 | |
| Watch Tower | 5 | |
| Voodoo Lounge | 1 | |
| Stronghold | 4 | |
22 total
» build order
00:11 Altar of Storms
00:16 Orc Burrow
00:39 Barracks
01:33 Orc Burrow
02:10 War Mill
04:15 Great Hall
04:19 Watch Tower
04:23 Watch Tower
04:38 Voodoo Lounge
04:47 Watch Tower
05:08 Orc Burrow
05:26 Orc Burrow
05:35 Watch Tower
05:48 Barracks
06:20 Watch Tower
07:05 Stronghold
07:05 Stronghold
07:06 Stronghold
07:29 Orc Burrow
08:54 Orc Burrow
10:46 Barracks
» items
| Healing Salve | 1 | |
| Potion of Healing | 1 | |
2 total

»
Insanely_Shy (
blue | 38 APM | 627 actions | 16:17)
3 Demon Hunter
1 Immolation
2 Evasion
1 Priestess of the Moon
1 Trueshot Aura
» actions
| Basic commands | 12 | |
| Build / train | 66 | |
| Enter build submenu | 23 | |
| Enter hero's abilities submenu | 4 | |
| Give item / drop item | 1 | |
| Remove unit from queue | 3 | |
| Right click | 217 | |
| Select / deselect | 256 | |
| Use ability | 45 | |
627 total
» units
» upgrades
| Improved Bows | 1 | |
| Strength of the Moon | 1 | |
| Moon Armor | 1 | |
| Abolish Magic | 1 | |
| Strength of the Wild | 1 | |
| Reinforced Hides | 1 | |
6 total
» buildings
| Altar of Elders | 1 | |
| Moon Well | 5 | |
| Ancient of War | 1 | |
| Tree of Ages | 2 | |
| Hunter's Hall | 1 | |
| Ancient of Wonders | 1 | |
| Ancient of Wind | 3 | |
| Tree of Eternity | 2 | |
| Ancient of Lore | 2 | |
| Tree of Life | 1 | |
| Stronghold | 3 | |
22 total
» build order
00:11 Altar of Elders
00:18 Moon Well
00:36 Ancient of War
01:57 Moon Well
02:59 Moon Well
03:33 Tree of Ages
03:33 Tree of Ages
04:28 Hunter's Hall
04:38 Moon Well
05:25 Ancient of Wonders
06:30 Ancient of Wind
07:10 Tree of Eternity
08:55 Ancient of Wind
09:01 Ancient of Lore
09:05 Ancient of Lore
10:01 Ancient of Wind
11:20 Tree of Life
14:18 Moon Well
15:50 Stronghold
15:50 Stronghold
» items
| Healing Salve | 2 | |
| Lesser Clarity Potion | 1 | |
| Scroll of Speed | 4 | |
| Potion of Healing | 1 | |
| Scroll of Town Portal | 1 | |
9 total
RABBIT-OF-KIN (
teal | 68 APM | 2630 actions | 38:51)
8 Blademaster
3 Wind Walk
3 Critical Strike
1 Bladestorm
1 Mirror Image
3 Death Knight
2 Death Coil
1 Unholy Aura
» actions
| Assign group hotkey | 91 | |
| Basic commands | 2 | |
| Build / train | 70 | |
| Enter build submenu | 27 | |
| Enter hero's abilities submenu | 11 | |
| Give item / drop item | 5 | |
| Remove unit from queue | 1 | |
| Right click | 1038 | |
| Select / deselect | 235 | |
| Select group hotkey | 912 | |
| Use ability | 238 | |
2630 total
» units
| Peon | 14 | |
| Wind Rider | 3 | |
| Goblin Shredder | 1 | |
| Troll Batrider | 7 | |
| Raider | 2 | |
27 total
» upgrades
| Reinforced Defenses | 1 | |
| Envenomed Spears | 1 | |
| Ranged Weapons | 1 | |
| Armor | 1 | |
| Liquid Fire | 0 | |
| Pillage | 1 | |
| Melee Weapons | 1 | |
6 total
» buildings
| Altar of Storms | 1 | |
| Orc Burrow | 7 | |
| Voodoo Lounge | 1 | |
| Stronghold | 1 | |
| War Mill | 1 | |
| Beastiary | 3 | |
| Great Hall | 2 | |
| Fortress | 1 | |
| Watch Tower | 63 | |
| Spirit Tower | 1 | |
81 total
» build order
00:07 Altar of Storms
00:17 Orc Burrow
00:52 Voodoo Lounge
02:07 Stronghold
02:42 War Mill
02:51 Orc Burrow
02:52 Orc Burrow
02:53 Orc Burrow
04:30 Beastiary
04:31 Beastiary
05:08 Great Hall
07:20 Fortress
07:43 Watch Tower
07:44 Watch Tower
07:44 Watch Tower
08:28 Watch Tower
08:29 Watch Tower
08:29 Watch Tower
08:30 Watch Tower
08:30 Watch Tower
08:31 Watch Tower
08:33 Watch Tower
08:34 Watch Tower
08:35 Watch Tower
08:36 Watch Tower
09:12 Watch Tower
09:12 Watch Tower
09:13 Watch Tower
09:13 Watch Tower
09:51 Beastiary
10:14 Orc Burrow
10:16 Orc Burrow
10:56 Watch Tower
10:56 Watch Tower
10:57 Watch Tower
10:57 Watch Tower
10:58 Watch Tower
12:02 Watch Tower
12:03 Watch Tower
12:03 Watch Tower
12:03 Watch Tower
12:49 Watch Tower
14:32 Watch Tower
14:33 Watch Tower
14:34 Watch Tower
14:35 Watch Tower
14:35 Watch Tower
14:36 Watch Tower
14:37 Watch Tower
16:06 Watch Tower
16:06 Watch Tower
16:07 Watch Tower
16:07 Watch Tower
16:08 Watch Tower
16:08 Watch Tower
16:08 Watch Tower
16:09 Watch Tower
16:10 Watch Tower
16:10 Watch Tower
16:11 Watch Tower
16:13 Watch Tower
17:00 Spirit Tower
17:31 Orc Burrow
18:03 Watch Tower
18:03 Watch Tower
18:40 Watch Tower
18:41 Watch Tower
18:41 Watch Tower
18:46 Watch Tower
20:02 Watch Tower
20:03 Watch Tower
20:03 Watch Tower
20:52 Watch Tower
20:52 Watch Tower
20:53 Watch Tower
20:53 Watch Tower
21:20 Watch Tower
21:21 Watch Tower
21:25 Watch Tower
21:25 Watch Tower
27:57 Great Hall
» items
| Healing Salve | 4 | |
| Lesser Clarity Potion | 5 | |
| Potion of Healing | 2 | |
| Staff of Teleportation | 1 | |
| Boots of Speed | 1 | |
| Orb of Lightning | 1 | |
| Potion of Mana | 1 | |
| Scroll of Town Portal | 1 | |
16 total
Chat log
(00:10 / Allies) pbg123456: guys,they got 2 orcs
(00:16 / Allies) pbg123456: so probably teching
(00:17 / Allies) pbg123456: or wyves
(00:20 / Allies) Realest_: fiends frosts
(00:23 / Allies) pbg123456: i will make bm wyves
(00:30 / Allies) pbg123456: and bats for anti bats and wyves
(01:33 / Allies) CreepExpert: I need feminism because no means no but yes doesn't always mean yes
(01:48 / Allies) Realest_: k
(02:28 / All) RABBIT-OF-KIN: who is the better movie director: peter jackson (lotr movies) or Nolan (dark knight movies)
(02:35 / All) CreepExpert: Nolan ez
(02:39 / All) CreepExpert: Jackson sucks
(02:40 / All) Knight_Lite: jackson
(02:50 / Allies) pbg123456: units green?
(02:55 / All) Knight_Lite: jack nicholson best joker
(02:56 / Allies) CreepExpert: griffz
(08:41 / Allies) pbg123456: help
(09:40 / Allies) pbg123456: go hit there fuckers
(09:45 / Allies) pbg123456: red is creating a base here
(10:29 / Allies) Realest_: 100g
(10:39 / Allies) pbg123456: go there
(10:40 / Allies) Realest_: ty
(10:47 / Allies) CreepExpert: let's kill red base
(10:52 / Allies) pbg123456: go
(13:16 / Allies) Realest_: did not mean to do that lol;
(14:44 / Allies) Realest_: why u creepin?
(15:00 / Allies) CreepExpert: I am a creep expert
(15:33 / Allies) pbg123456: green
(15:35 / Allies) pbg123456: get cloud
(15:42 / Allies) pbg123456: this idiots will just get towers
(16:21 / All) Realest_: gg
(18:23 / All) Realest_: teal you get no ass leave
(18:28 / All) RABBIT-OF-KIN: no u
(18:32 / All) Realest_: k
(18:37 / All) pbg123456: leave noob teal
(18:40 / All) pbg123456: stop making towers
(18:41 / All) pbg123456: idiot
(18:49 / Allies) pbg123456: get hawks green
(19:49 / Allies) pbg123456: wood
(19:50 / Allies) pbg123456: now
(19:51 / Allies) pbg123456: for bats
(20:00 / All) Realest_: teal gets no ass RT to save a life
(21:39 / Allies) CreepExpert: lumbers?
(22:34 / All) Realest_: eat a dick virgin
(23:10 / Allies) pbg123456: get hawks green
(23:13 / Allies) CreepExpert: kk
(23:15 / Allies) CreepExpert: lumbers
(23:56 / Allies) Realest_: fuck off
(24:04 / Allies) CreepExpert: you're cock
(24:06 / Allies) CreepExpert: cock guy
(24:27 / Allies) pbg123456: dont figt guys
(24:29 / Allies) pbg123456: lets win this
(24:46 / Allies) Realest_: youre a pussy bitch
(25:01 / Allies) pbg123456: fuck u green
(25:01 / Allies) pbg123456: omg
(25:02 / Allies) pbg123456: idiots
(25:06 / Allies) pbg123456: thats not funny
(25:13 / Allies) pbg123456: fucking noob
(25:16 / Allies) Realest_: MF attacked me so dont use plural
(25:39 / Allies) pbg123456: lets end this green
(25:39 / Allies) pbg123456: cmon
(25:48 / Allies) pbg123456: pink
(25:50 / Allies) pbg123456: kill him
(26:22 / Allies) Realest_: attack him pink
(26:30 / Allies) pbg123456: i dont give a damm for this game
(26:31 / Allies) pbg123456: so
(26:37 / Allies) pbg123456: go fuckyourself all of u
(26:42 / All) pbg123456: go get a life
(27:17 / Allies) Realest_: why green?
(28:06 / All) CreepExpert: lullz
(30:06 / All) RABBIT-OF-KIN: no more shit talking now oj
(30:32 / All) Realest_: youre not good?
(30:44 / All) RABBIT-OF-KIN: well
(30:49 / All) RABBIT-OF-KIN: i just lost in a humiliating fashion
(30:50 / All) CreepExpert: I had noob allies now we lose
(30:56 / All) RABBIT-OF-KIN: a really humiliating fashion
(31:09 / All) RABBIT-OF-KIN: say those words oj
(31:10 / All) Realest_: what a tker?
(31:15 / All) RABBIT-OF-KIN: "i lost in a humiliation fashion
(31:49 / All) Realest_: tker is a pussy way to win so congrats
(32:06 / All) CreepExpert: orange shut up you fucking pussy
(32:08 / All) RABBIT-OF-KIN: u sound a bit angry
(32:11 / All) RABBIT-OF-KIN: a tad bit lol
(32:13 / All) CreepExpert: you couldn't even 1v1 me
(32:14 / All) CreepExpert: noob
(32:34 / All) Realest_: its a cpu game so not really one you suck at and have to d ride to get a dude to cheat
(32:49 / All) RABBIT-OF-KIN: AINT cheating bro, this is 4v4
(32:50 / All) Realest_: im out go get laid pussies
(32:51 / All) RABBIT-OF-KIN: survival of the fittest
(32:52 / All) CreepExpert: save the sob stories for someone that cares
(32:57 / All) CreepExpert: lol
(33:31 / All) RABBIT-OF-KIN: wuts ktl leaf mean
(33:52 / All) CreepExpert: KT Leaf
(34:10 / All) CreepExpert: Maybe Leaf is his last name and KL is his first and middle initials
(34:54 / All) RABBIT-OF-KIN: i wonder now if he realized y i towered so much
(34:56 / All) CreepExpert: leave pink you lost bud
(35:12 / All) CreepExpert: I think it was orange talking about towering lawl
(35:28 / All) RABBIT-OF-KIN: yes thats wut i meant
(35:34 / All) RABBIT-OF-KIN: pink seemed like a genuine good guy
(35:42 / All) CreepExpert: he hasn't said anything I don't think
(35:59 / All) KTLeaf: burp
(36:18 / All) CreepExpert: The tribal tree scribe is trying to hide and run away
(36:19 / All) RABBIT-OF-KIN: give pink the win?
(36:27 / All) CreepExpert: Give orange the loss?
(36:34 / All) RABBIT-OF-KIN: oh ya
(36:52 / All) CreepExpert: OH I'M A TRAVELIN MAN, YEAH I'M A TRAVELIN MAN
(36:56 / All) CreepExpert: Pink's a door to door salesman
(38:47 / All) RABBIT-OF-KIN: small break?
(38:49 / All) CreepExpert: kk